Selects Luftwaffe Battlegroup
Selects Luftwaffe Pioneer Support
Selects Luftwaffe Pioneer Support
Fallschirmpioneer Squad Paradrop
Construct Infanterie Kompanie
Fallschirmpioneer Squad Paradrop
Infanterie Officer Quarters
Selects Stuka Strafing Run
Fallschirmpioneer Squad Paradrop
Fallschirmpioneer Squad Paradrop
Selects Fallschirmjäger Squad Paradrop
Fallschirmjäger Squad Paradrop
Construct Panzergrenadier Kompanie
Construct Panzer Kompanie
Pak 40 Anti-tank Gun Team
Selects Flak 38 Anti-Air Emplacement
Selects Flak 36 Anti-tank Gun Emplacement